 Dungeon Crawl Stone Soup version 0.17-a0-2127-g1cb09f6 (webtiles) character file.

74 Ordine the Twirler (level 4, -5/37 HPs)
             Began as a Minotaur Gladiator on Oct 21, 2015.
             Killed from afar by an orc wizard (10 damage)
             ... with a magic dart
             ... on level 2 of the Dungeon on Oct 22, 2015.
             The game lasted 00:04:56 (2073 turns).

Ordine the Twirler (Minotaur Gladiator)             Turns: 2073, Time: 00:04:56

Health: -5/37      AC:  3    Str: 19    XL:     4   Next: 9%
Magic:  3/3        EV: 12    Int:  5    God:
Gold:   143        SH:  0    Dex: 12    Spells: 0 memorised, 3 levels left

rFire  + . .     SeeInvis .     a - +0 quarterstaff
rCold  . . .     Clarity  .     b - +0 leather armour
rNeg   . . .     SustAt   .     (no shield)
rPois  .         Gourm    .     c - +0 hat
rElec  .         Spirit   .     (no cloak)
rCorr  .         Warding  .     (no gloves)
rMut   .         Stasis   .     (no boots)
MR     +....                    (no amulet)
Stlth  +.........               p - ring of protection from fire
                                n - ring of protection from magic

@: somewhat resistant to hostile enchantments, very unstealthy
A: retaliatory headbutt, horns 2
a: no special abilities


You were on level 2 of the Dungeon.
You were hungry.

You visited 1 branch of the dungeon, and saw 3 of its levels.

You collected 143 gold pieces.

Inventory:

Hand Weapons
 a - a +0 quarterstaff (weapon)
Missiles
 d - 3 throwing nets (quivered)
Armour
 b - a +0 leather armour (worn)
 c - a +0 hat (worn)
Jewellery
 n - a ring of protection from magic (left hand)
 o - an uncursed ring of protection from magic
 p - a ring of protection from fire (right hand)
Scrolls
 i - a scroll of teleportation
 m - 2 scrolls of remove curse
Potions
 h - 3 potions of might
 k - a potion of heal wounds {unknown}
 l - 2 potions of flight {unknown}
 q - a potion of cancellation {unknown}
Comestibles
 e - a bread ration
 f - a beef jerky
 g - 9 fruits
 j - 3 meat rations


   Skills:
 - Level 2.4 Fighting
 + Level 6.0 Staves
 - Level 2.0 Throwing
 - Level 3.2 Dodging


You had 3 spell levels left.
You didn't know any spells.

Dungeon Overview and Level Annotations

Branches:
Dungeon (3/15)

Altars:
Sif Muna


Innate Abilities, Weirdness & Mutations

You reflexively headbutt those who attack you in melee.
You have a pair of horns on your head.


Message History

You are too injured to fight recklessly!
You are too injured to fight recklessly!
You are too injured to fight recklessly!
You hit the orc but do no damage. You headbutt the orc, but do no damage.
The orc wizard casts a spell.
The orc wizard blinks!
The orc closely misses you.
You barely miss the orc. The orc closely misses you.
You sock the orc!
The orc is almost dead.
You hit the orc but do no damage.
The orc is almost dead.
The orc misses you.
You hit the orc.
You kill the orc!
The orc wizard casts a spell at you. The magic dart hits you!
* * * LOW HITPOINT WARNING * * *
The orc wizard casts a spell at you. The magic dart hits you!
You die...

##### #..... #...#
#..... #...# #.....
#...# #....! #...#
######
#...################
#...)>.........)...#
#...#.############.##
#...#@# #..# #...#.#
##.## #...#.# ####..#
#...#o# #....).
##'##.##########.###.#
#....................
######.#......#.####.
#.#.####.#.# #.
#.#.#......# #.


You could see an orc wizard.

Vanquished Creatures
  3 adders (D:2)
  A worm (D:2)
  2 giant geckos (D:2)
  An orc (D:2)
  3 giant cockroaches (D:1)
  13 goblins
  3 hobgoblins (D:1)
  3 kobolds
  3 ball pythons (D:1)
  4 bats
  6 rats
42 creatures vanquished.

Notes
Turn   | Place    | Note
--------------------------------------------------------------
     0 | D:1      | Ordine the Minotaur Gladiator began the quest for the Orb.
     0 | D:1      | Reached XP level 1. HP: 18/18 MP: 0/0
    37 | D:1      | Reached skill level 4 in Staves
   159 | D:1      | Reached XP level 2. HP: 19/25 MP: 1/1
   570 | D:1      | Reached skill level 5 in Staves
   653 | D:1      | Reached XP level 3. HP: 30/30 MP: 2/2
  1578 | D:2      | Reached XP level 4. HP: 16/37 MP: 3/3
  2018 | D:2      | Found a deep blue altar of Sif Muna.
  2051 | D:3      | Reached skill level 6 in Staves
  2073 | D:2      | Killed from afar by an orc wizard

Vault maps used:
D:1:      dpeg_arrival_subterranean_lakeside_camping
D:2:      led_sif_pool
D:3:      first_bread

Action                   |  1- 3 |  4- 6 || total
-------------------------+-------+-------++-------
Melee: Quarterstaff      |    90 |    20 ||   110
  Use: Scroll            |     6 |       ||     6
  Eat: Chunk             |     1 |     2 ||     3
